Cogmind - Beta 15 @@@ ROGUE MODE // 2025.08.23 @ 19:39:45 Player: Anting Result: Destroyed by HU-ISW(R) with Subdweller Laser Performance ------------- Evolutions (0) 0 Regions Visited (3) 600 Robots Destroyed (12) 60 Value Destroyed (326) 326 Prototype IDs (0) 0 Alien Tech Used (0) 0 Bonus (156) 156 TOTAL SCORE: 1142 Bonus ------- Follower Combat Kills 156 Cogmind --------- Core Integrity 0/250 Matter 296/300 Energy 237/250 System Corruption 0% Temperature Cool (6) Movement Treading (160) Location -10/Subcaves Parts ------- > --- POWER (1) -------- Ion Engine > --- PROPULSION (2) --- Light Treads Light Treads > --- UTILITY (2) ------ Small Storage Unit Large Storage Unit > --- WEAPON (2) ------- Beam Cannon Light Assault Rifle > --- INVENTORY (15) --- Light Treads Light Treads Aluminum Leg Aluminum Leg Aluminum Leg Flight Unit Flight Unit Flight Unit Flight Unit Improved Heat Sink Medium Storage Unit Targeting Computer Light Armor Plating Light Armor Plating Light Assault Rifle Peak State ------------ > --- POWER ------------ Ion Engine > --- PROPULSION ------- Aluminum Leg Aluminum Leg > --- UTILITY ---------- Small Storage Unit Large Storage Unit > --- WEAPON ----------- Light Assault Rifle Light Assault Rifle > --- INVENTORY -------- Light Treads Light Treads Aluminum Leg Flight Unit Flight Unit Flight Unit Flight Unit Improved Heat Sink Medium Storage Unit [Rating: 8] Favorites ----------- Power Ion Engine Engine Ion Engine Propulsion Aluminum Leg Treads Light Treads Leg Aluminum Leg Utility Small Storage Unit Device Seismic Detector Storage Small Storage Unit Weapon Light Assault Rifle Energy Cannon Beam Cannon Ballistic Gun Light Assault Rifle Build | -11 -10 -10 -10 ------- Run | Yrd Mat Min Sub Slots Evolved . | . . . . Power . | . . . . Propulsion . | . . . . Utility . | . . . . Weapon . | . . . . Parts Attached 18 | 8 3 4 3 Power 3 | 1 . 2 . Engine 3 | 1 . 2 . Core . | . . . . Reactor . | . . . . Propulsion 9 | 3 2 2 2 Treads 3 | 1 . . 2 Leg 6 | 2 2 2 . Wheel . | . . . . Hover . | . . . . Flight . | . . . . Utility 3 | 2 1 . . Device 1 | 1 . . . Storage 2 | 1 1 . . Processor . | . . . . Hackware . | . . . . Protection . | . . . . Artifact . | . . . . Weapon 3 | 2 . . 1 Energy Gun . | . . . . Energy Cannon 1 | . . . 1 Ballistic Gun 2 | 2 . . . Ballistic Cannon . | . . . . Launcher . | . . . . Special Weapon . | . . . . Impact Weapon . | . . . . Slashing Weapon . | . . . . Piercing Weapon . | . . . . Special Melee Weapon . | . . . . Unidentified Prototypes . | . . . . Parts Lost 4 | . 2 2 . Power 2 | . 1 1 . Propulsion 1 | . . 1 . Utility 1 | . 1 . . Weapon . | . . . . Highest Loss Streak 2 | . 2 2 . To Critical Strikes . | . . . . Average Backups 9 | 2 4 10 15 Power . | . 1 . . Propulsion 6 | 1 3 7 9 Utility 2 | . . 2 5 Weapon . | . . . 1 Tool/Special . | . . . . Unused Backups 10 | . . . 10 Power . | . . . . Propulsion 5 | . . . 5 Utility 5 | . . . 5 Weapon . | . . . . Tool/Special . | . . . . Average Slot Usage (%) 96 | . 81 99 100 Engine 12 | . 4 13 14 Treads 3 | . . . 17 Leg 24 | . 28 27 10 Storage 25 | . 14 28 28 Energy Cannon 2 | . . . 11 Ballistic Gun 25 | . 28 28 16 Peak Build Rating 8 | 7 7 8 8 Average Rating 7 | 5 5 7 8 On Entrance 5 | . 7 6 8 Naked Turns . | . . . . Heaviest Build 34 | 13 27 32 34 Greatest Support 40 | 20 20 20 40 Greatest Overweight (x) 3 | . 1 3 1 Average Overweight (x) . | . . 1 . Largest Inventory Capacity 15 | 8 15 15 15 Average Capacity 13 | 7 8 15 15 Most Carried 15 | 3 8 15 15 Average Carried 10 | 2 5 10 15 Final Capacity 15 | 8 15 15 15 Final Carried 15 | 3 8 15 15 Class Distribution -------------------- 100% | Mutant Dominant Class ---------------- Mutant | -10/Materials Mutant | -10/Mines Mutant | -10/Subcaves Resources | -11 -10 -10 -10 ----------- Run | Yrd Mat Min Sub Matter Collected 493 | 298 73 83 39 Remotely . | . . . . Salvage Created 469 | 95 245 97 32 Parts 28 | 8 13 6 1 Haulers Intercepted 1 | . 1 . . Recyclers Shooed 1 | . . 1 . Parts Field Recycled . | . . . . Retrieved Matter . | . . . . Parts Self-Destructed 4 | . . . 4 Prevented . | . . . . Kills | -11 -10 -10 -10 ------- Run | Yrd Mat Min Sub Combat Hostiles Destroyed 8 | . 5 2 1 Guns 7 | . 5 2 . Cannons 1 | . . . 1 Classes Destroyed 5 | 2 2 . 1 Tunneler 2 | 2 . . . Hauler 1 | . 1 . . Recycler 1 | 1 . . . Grunt 7 | . 5 2 . Subdweller 1 | . . . 1 Best Kill Streak 3 | 2 3 2 1 Combat Bots Only 3 | . 3 2 1 Max Kills in Single Turn 1 | 1 1 1 1 Gunslinging . | . . . . Exploded . | . . . . Melee . | . . . . Uniques/NPCs Destroyed . | . . . . Combat | -11 -10 -10 -10 -------- Run | Yrd Mat Min Sub Hostile Shots Fired 81 | . 48 21 12 Missed 26 | . 14 5 7 Hits 55 | . 34 16 5 Projectile 55 | . 34 16 5 AOE 1 | . . . 1 Critical Strikes 1 | . . . 1 Damage Taken 845 | . 417 228 200 Core 262 | . 100 15 147 Absorbed by Shields . | . . . . Core Remaining (%) 100 | 100 . . . Volleys Fired 78 | 9 38 17 14 Largest 2 | 2 2 2 2 Hottest 80 | 40 40 40 80 Shots Fired 155 | 18 76 34 27 Gun 141 | 18 76 34 13 Cannon 14 | . . . 14 Launcher . | . . . . Special . | . . . . Kinetic 141 | 18 76 34 13 Thermal 14 | . . . 14 Explosive . | . . . . Electromagnetic . | . . . . Robot Hit Streak 17 | 7 8 17 7 Robot Miss Streak 4 | 1 4 3 2 Penetration Max . | . . . . Secondary Targets . | . . . . Shots Hit Robots 110 | 13 53 24 20 Core Hits 38 | 7 16 10 5 Critical Kills . | . . . . Critical Parts Destroyed . | . . . . Critical Strikes . | . . . . Melee Attacks . | . . . . Impact . | . . . . Slashing . | . . . . Piercing . | . . . . Sneak Attacks . | . . . . Combat Hostiles . | . . . . Follow-up Attacks . | . . . . Damage Inflicted 1002 | 103 433 223 243 Guns 814 | 103 433 194 84 Cannons 159 | . . . 159 Explosions . | . . . . Melee . | . . . . Ramming 29 | . . 29 . Kinetic 814 | 103 433 194 84 Thermal 159 | . . . 159 Explosive . | . . . . Electromagnetic . | . . . . Impact . | . . . . Slashing . | . . . . Piercing . | . . . . Highest Corruption . | . . . . Average Corruption . | . . . . Corruption Purged . | . . . . Corruption Blocked . | . . . . Overload Shots . | . . . . Overflow Damage . | . . . . Projectiles . | . . . . Explosions . | . . . . Melee . | . . . . Knockbacks . | . . . . Impact . | . . . . Kinetic . | . . . . Secondary . | . . . . Self-Inflicted Damage . | . . . . Shots . | . . . . Rammed . | . . . . Targets Rammed 8 | . . 8 . Kicked 8 | . . 8 . Crushed . | . . . . Highest Temperature 26 | . 18 26 6 Average Temperature 9 | . 7 12 6 Received Heat Transfer 390 | . 234 126 30 Siege Activations . | . . . . Martial Activations . | . . . . Shielding Activations . | . . . . Robots Disrupted . | . . . . Combat Hostiles . | . . . . Robots Corrupted . | . . . . Combat Hostiles . | . . . . Parts Fried . | . . . . Impact Corruptions . | . . . . Robots Melted . | . . . . Combat Hostiles . | . . . . Parts Melted . | . . . . Heat Transferred 333 | . . . 333 Parts Sabotaged . | . . . . Parts Stolen . | . . . . Parts Stripped . | . . . . Power Chain Reactions . | . . . . Alert | -11 -10 -10 -10 ------- Run | Yrd Mat Min Sub Maximum Alert Level . | . . . . Low Security (%) 100 | 100 100 100 . Level 1 . | . . . . Level 2 . | . . . . Level 3 . | . . . . Level 4 . | . . . . Level 5 . | . . . . High Security . | . . . . Max Security . | . . . . Peak Influence 80 | 5 80 57 . Initial 10 | . . 10 . Average 11 | 1 27 7 . Influence Increases 380 | 15 210 155 . Destroy 0b10 Robot/C 220 | . 100 120 . Destroy 0b10 Robot/NC 20 | 15 5 . . Destroy Leader 42 | . 22 20 . Allied During Kill 15 | . . 15 . Successful Hack 8 | . 8 . . Partial Spotted 15 | . 15 . . Lose Combat Pursuer 60 | . 60 . . Influence Decreases 380 | 15 181 184 . Entered New Map 19 | . . 19 . Time Decay 321 | 15 161 145 . Lost Part 40 | . 20 20 . Squads Dispatched 3 | . 3 . . Investigation 2 | . 2 . . Extermination . | . . . . Reinforcement 1 | . 1 . . Assault . | . . . . Garrison . | . . . . Intercept . | . . . . Searches Triggered . | . . . . Construction Impeded . | . . . . Haulers Reinforced . | . . . . Active Scanning Responses . | . . . . Cargo Convoy Interrupts . | . . . . Stealth | -11 -10 -10 -10 --------- Run | Yrd Mat Min Sub Distress Signals 3 | . 3 . . Communications Jammed . | . . . . Distress Signals . | . . . . Times Spotted 24 | . 17 4 3 Peak Tracking Total 6 | . 6 2 2 Tactical Retreats 3 | . 3 . . Traps | -11 -10 -10 -10 ------- Run | Yrd Mat Min Sub Traps Triggered 2 | . 1 . 1 Indirectly . | . . . . Trap Hack Attempts . | . . . . Triggered . | . . . . Disarmed . | . . . . Reprogrammed . | . . . . Reused . | . . . . Traps Extracted . | . . . . Installed . | . . . . Triggered . | . . . . Machines | -11 -10 -10 -10 ---------- Run | Yrd Mat Min Sub Machines Disabled 1 | . . 1 . Max in Single Turn . | . . . . Machines Repaired . | . . . . Machines Dismantled . | . . . . Machines Sabotaged . | . . . . Overloaded Fab Kills . | . . . . Hacking | -11 -10 -10 -10 --------- Run | Yrd Mat Min Sub Machines Accessed 2 | . 2 . . Terminals 2 | . 2 . . Fabricators . | . . . . Repair Stations . | . . . . Recycling Units . | . . . . Scanalyzers . | . . . . Garrison Access . | . . . . Total Hacks 5 | . 5 . . Successful 1 | . 1 . . Failed 4 | . 4 . . Catastrophic 2 | . 2 . . Database Lockouts . | . . . . Manual 5 | . 5 . . Terminals 5 | . 5 . . Fabricators . | . . . . Repair Stations . | . . . . Recycling Units . | . . . . Scanalyzers . | . . . . Garrison Access . | . . . . Terminal Hacks 1 | . 1 . . Branch Access Points 1 | . 1 . . Fabricator Hacks . | . . . . Repair Station Hacks . | . . . . Recycling Unit Hacks . | . . . . Scanalyzer . | . . . . Garrison Access Hacks . | . . . . Unauthorized Hacks . | . . . . Terminals . | . . . . Fabricators . | . . . . Repair Stations . | . . . . Recycling Units . | . . . . Scanalyzers . | . . . . Garrison Access . | . . . . Data Cores Recovered . | . . . . Used . | . . . . Hacking Detections 1 | . 1 . . Full Trace Events 1 | . 1 . . Feedback Events . | . . . . Feedback Blocked . | . . . . Robot Schematics Acquired . | . . . . Robots Built . | . . . . Authchips . | . . . . Time . | . . . . Total Robot Build Rating . | . . . . Part Schematics Acquired . | . . . . Parts Built . | . . . . Authchips . | . . . . Time . | . . . . Total Part Build Rating . | . . . . Parts Repaired . | . . . . Time . | . . . . Parts Recycled . | . . . . Recycled Matter . | . . . . Retrieved Matter . | . . . . Retrieved Components . | . . . . Parts Scanalyzed . | . . . . Part Schematics Acquired . | . . . . Parts Damaged . | . . . . Bothacking | -11 -10 -10 -10 ------------ Run | Yrd Mat Min Sub Used RIF Installer . | . . . . Robots Hacked . | . . . . Non-combat . | . . . . Combat . | . . . . Robot Hacks Applied . | . . . . Relay Couplers Released . | . . . . Fabnet Peak Effective % . | . . . . Robots Rewired . | . . . . Allies Hacked . | . . . . Hacks Repelled . | . . . . Allies | -11 -10 -10 -10 -------- Run | Yrd Mat Min Sub Total Allies 4 | . . 4 . Largest Group 4 | . . 4 3 Highest-Rated Group 71 | . . 71 40 Highest-Rated Ally 31 | . . 31 16 Total Orders 2 | . . 2 . STAY 1 | . . 1 . FOLLOW 1 | . . 1 . Ally Attacks 24 | . . 13 11 Total Damage 309 | . . 151 158 Kills 5 | . . 4 1 Allies Corrupted . | . . . . Allies Melted . | . . . . Intel | -11 -10 -10 -10 ------- Run | Yrd Mat Min Sub Active Infowar (turns) 158 | 7 151 . . Seismic 158 | 7 151 . . Robot Analysis Total . | . . . . Derelict Logs Recovered 3 | . . 1 2 Drone Launches . | . . . . Drone Recoveries . | . . . . Exploration | -11 -10 -10 -10 ------------- Run | Yrd Mat Min Sub Turns Passed 2426 | 89 459 1463 415 Spaces Moved 1242 | 48 249 730 215 Core 8 | 8 . . . Treads 138 | . . . 138 Legs 1096 | 40 249 730 77 Wheels . | . . . . Hover . | . . . . Flight . | . . . . Fastest Speed 50 | 50 120 190 160 Average Speed 170 | 108 123 190 170 Slowest Speed 330 | 120 190 330 190 Overloaded Moves . | . . . . Propulsion Burnouts . | . . . . Robots Hopped . | . . . . Potential Cave-ins . | . . . . Cave-ins Triggered . | . . . . Exploration Rate (%) 42 | 4 44 104 18 Regions Visited 3 Branch Regions 2 Pre-discovered Areas 1 | . . 1 . Known Exits Taken 1 | . 1 . . Unknown Exits Taken 2 | 1 . 1 . Scrap Searched 1 | . . 1 . Spaces Dug . | . . . . Terrain Destroyed . | . . . . Melee . | . . . . Projectile . | . . . . AOE . | . . . . Terrain Rammed . | . . . . Walls Destroyed . | . . . . Machines Disabled . | . . . . Actions | -11 -10 -10 -10 --------- Run | Yrd Mat Min Sub Total 1409 | 67 339 765 238 Wait 49 | . 43 . 6 Move 1239 | 47 248 729 215 Hop . | . . . . Pick Up 14 | 2 5 7 . Fast Attach 11 | 8 1 2 . Attach 1 | . . 1 . Detach 1 | 1 . . . Swap 6 | . 2 1 3 Drop 2 | . 2 . . Fire 78 | 9 38 17 14 Melee . | . . . . Ram . | . . . . Kick 8 | . . 8 . Crush . | . . . . Escape Stasis . | . . . . Rewire . | . . . . Trap . | . . . . Miscellaneous . | . . . . Route ------- -11/Scrapyard -10/Materials (discovered 2 exits: *Min x2) -10/Mines (discovered 3 exits: [*Mat x2] / [*Sub]) -10/Subcaves (discovered 1 exit: [*Mat]) History --------- Turn | Location | Event 5 | -11/Scrapyard | Discovered new exit (range 14) 90 | -11/Scrapyard | Entered Materials 316 | -10/Materials | Build established: Mutant 486 | -10/Materials | Identified exit to Mines 549 | -10/Materials | Entered Mines 754 | -10/Mines | Discovered new exit (range 6) 1075 | -10/Mines | Assisted by bots powering up and referring to "LRC-V3" 1260 | -10/Mines | Discovered new exit (range 15) 1273 | -10/Mines | Received a Mining Laser from a helpful Derelict 1572 | -10/Mines | Joined a pair of Derelicts in attacking an 0b10 outpost 2001 | -10/Mines | Discovered new exit (range 6) 2012 | -10/Mines | Entered Subcaves 2012 | -10/Subcaves | Accompanied by 3 allies 2013 | -10/Subcaves | Approached by a straggling Scientist 2074 | -10/Subcaves | Core integrity fell below 50% 2161 | -10/Subcaves | Learned Materials security intel 2240 | -10/Subcaves | Core integrity fell below 20% 2273 | -10/Subcaves | Discovered new exit (range 13) 2382 | -10/Subcaves | Learned Materials interactive machine intel 2427 | -10/Subcaves | Destroyed by HU-ISW(R) with Subdweller Laser Last Messages --------------- 02243_ KS-UXX(R): "NOSTUCKSUB!" 02244_ 1I-YYD(R) destroyed. 02257_ Subatomizers dissect the Aluminum Leg. 02261_ KS-UXX(R) affixes Scrap Shield Fragment to Scrap Shield. 02265_ KS-UXX(R) destroyed. KS-7XP(c): "I think it's somewhere east of here" 02271_ Subatomizers dissect the Aluminum Leg. 02273_ EXIT=FOUND 02278_ Acquired 32 matter. 02281_ Subatomizers dissect the Sub. Monowheel. 02281_ Acquired 7 matter. KS-7XP(c): "I think it's somewhere east of here" 02382_ Acquired derelict log, extracted data. Data stored: Materials interactive machine intel. 02416_ Trooper 1a destroyed. KS-7XP(c): "I think it's somewhere northeast of here" Map ----- +----------------------------------------------------+ | ????#### ##???????????????????????????? | | ???????# ##????????????????????????????? | | ???????## ## ####?????????????????????????????? | | ####????# ## ##????????????????????????????????? | | """#????# # #?????????????????????????????????? | | ###??# ## #########?????????????????????????? | | #### ## #?????????????????????????? | | ## ### #?????????????????????????? | | ## #?? #??????????????????????????? | | ## #?? #??????????????????????????? | | ##### ### ###????????????????????????? | | ##??# #????????????????????????? | | #??# #????????????????????????? | | ##?## ### ##????????????????????????? | | #### #### ##?????????????????????????? | | # = ## #?# #??????????????????????????? | | # ###?# #??????????????????????????? | | #! ##???### ####??????????????????????????? | | % ##??????# #?######????##????????????????? | | =## #???????# ### # ##???"??#??????????????? | | #### ##??????## #?? ## ##?????????????? | | ???# #???????# #?? " ##????????????? | | ??? #???????# # # ### #? #????????????? | | ?? ???????#### ###?## ### #????????????? | | ?# ?????????# #????# R! #??????????????? | | ?#